 Dungeon Crawl Stone Soup version 0.26-a0-812-g31a745ddcd (webtiles) character file.

Game seed: 14594466385807840411

42 kae the Insei (level 3, 0/20 HPs)
             Began as a Tengu Transmuter on Nov 19, 2020.
             Succumbed to miscasting Spider Form's poison
             ... on level 2 of the Dungeon.
             The game lasted 00:01:28 (988 turns).

kae the Insei (Tengu Transmuter)                     Turns: 988, Time: 00:01:28

Health: 0/20       AC:  2    Str: 11    XL:     3   Next: 54%
Magic:  4/7        EV: 15    Int: 13    God:
Gold:   19         SH:  0    Dex: 14    Spells: 2/6 levels left

rFire    . . .     SeeInvis .     - Unarmed
rCold    . . .     Faith    .   (no shield)
rNeg     . . .     Spirit   .   a - +0 robe
rPois    .         Reflect  .   (helmet restricted)
rElec    .         Harm     .   (no cloak)
rCorr    .         Rampage  .   (no gloves)
MR       .....                  (boots unavailable)
Stlth    +.........             (no amulet)
HPRegen  0.06/turn              (no ring)
MPRegen  0.10/turn              (no ring)

@: lethally poisoned (0 -> -3), attractive, flying quickly and evasively,
slowed, very slow
A: beak, talons 3
a: no special abilities


You were on level 2 of the Dungeon.
You visited 1 branch of the dungeon, and saw 2 of its levels.

You collected 19 gold pieces.

Inventory:

Armour
 a - a +0 robe (worn)
Scrolls
 b - a scroll of noise {unknown}
 d - a scroll of remove curse {unknown}
 f - a scroll of enchant weapon {unknown}
 g - a scroll of random uselessness {unknown}


   Skills:
 + Level 1.6 Fighting
 + Level 2.2 Dodging
 + Level 3.6 Unarmed Combat
 + Level 2.3 Spellcasting
 * Level 2.2 Transmutations
 * Level 0.4 Poison Magic


You had 2 spell levels left.
You knew the following spells:

 Your Spells              Type           Power        Failure   Level
a - Beastly Appendage     Tmut           #.....       10%         1
b - Spider Form           Tmut/Pois      #.........   41%         3

Your spell library contained the following spells:

 Spells                   Type           Power        Failure   Level
 Wereblood                Tmut           #.......     14%         2
 Ice Form                 Ice/Tmut       #.......     83%         4
 Blade Hands              Tmut           #.........   95%         5


Dungeon Overview and Level Annotations

Branches:
Dungeon (2/15)

Altars:
Ashenzari

Annotations:
D:2 Natasha


Innate Abilities, Weirdness & Mutations

You have a beak for a mouth.
You have claws for feet.


Message History

* * * LOW HITPOINT WARNING * * *
You feel sick. Natasha misses you.
You hit Natasha but do no damage. You claw Natasha.
Natasha is heavily wounded.
Natasha barely misses you.
You hit Natasha. Your kick misses Natasha. Your headbutt misses Natasha.
Natasha is severely wounded.
* * * LOW HITPOINT WARNING * * *
You feel sick. Natasha barely misses you. Natasha misses you.
You closely miss Natasha. You claw Natasha, but do no damage.
Natasha is severely wounded.
Your horns disappear.
Natasha misses you.
Your magical contamination has completely faded away.
You hit Natasha. Your kick misses Natasha.
Natasha is almost dead.
Natasha mumbles some strange words.
You closely miss Natasha.
Natasha is almost dead.
You die...

#####.##.....#
#......##...#
#.......##.##
#......>....####
#..................
#.......###...)....
#.......# #........
#.......###########
#........hh@5#
#......#####.########
#########.........#.#
###.##.####.#.###
#...##.# ##.....#
#.####.###....#.#
#.............#.#
#######.#####†#.#
#.........#


You could see Natasha, a white imp (summoned) and a jackal.

Vanquished Creatures
  A gnoll (D:1)
  An adder (D:2)
  An ooze (D:1)
  A leopard gecko (D:1)
  A ball python (D:1)
  A bat (D:1)
  A goblin (D:1)
  2 hobgoblins (D:1)
  A jackal (D:2)
  3 frilled lizards (D:1)
  3 kobolds (D:1)
  3 rats (D:1)
19 creatures vanquished.

Notes
Turn   | Place    | Note
-------+----------+-------------------------------------------
     0 | D:1      | kae the Tengu Transmuter began the quest for the Orb.
     0 | D:1      | Reached XP level 1. HP: 12/12 MP: 4/4
    94 | D:1      | Reached XP level 2. HP: 11/16 MP: 4/6
   479 | D:1      | Reached XP level 3. HP: 20/20 MP: 5/7
   647 | D:1      | Learned a level 3 spell: Spider Form
   959 | D:2      | Found a broken altar of Ashenzari.
   964 | D:2      | Noticed Natasha
   985 | D:2      | HP: 1/20 [poisoned by miscasting Spider Form]
   988 | D:2      | Succumbed to miscasting Spider Form's poison

Illustrated notes

Levels and vault maps discovered:
D:1:      eino_arrival_cavern_b, layout_loops_cross,
          chequers_serial_rivers_micro_c
D:2:      layout_basic, lemuel_round_altar, uniq_natasha

Skill      XL: |  1  2 |
---------------+-------+-----
Transmutations | 2 |  2.2
Fighting       | |  1.6
Dodging        | |  2.2
Unarmed Combat | |  3.6
Spellcasting   | |  2.3
Poison Magic   | |  0.4

Action                   || total
-------------------------++-------
Melee: Unarmed           ||    41
       Kick              ||    11
       Peck              ||     4
       Headbutt          ||     2
 Cast: Beastly Appendage ||    15
  Use: Potion            ||     2
Armor: Robe              ||     6
Dodge: Dodged            ||    34

Table legend: (Time is in decaauts)
 A = Elapsed time spent in this place.
 B = Non-inter-level travel time spent in this place.
 C = Inter-level travel time spent in this place.
 D = Time resting spent in this place.
 E = Time spent auto-exploring this place.
 F = Levels seen in this place.
 G = Mean time per level.
                   A        B        C        D        E       F      G
               +--------+--------+--------+--------+--------+-----+--------+
         Total |    989 |    957 |     32 |      0 |    811 |   2 |  494.5 |
       Dungeon |    989 |    957 |     32 |      0 |    811 |   2 |  494.5 |
               +--------+--------+--------+--------+--------+-----+--------+

Top non-repeatable levels by time:
     D:1: 889 daAuts
     D:2: 100 daAuts
